 Dungeon Crawl Stone Soup version 0.32-a0-818-gb728d0252e (webtiles) character file.

Game seed: 1483431347917088294

70 ZLogic the Slasher (level 4, -7/33 HPs)
             Began as a Coglin Warper on Mar 24, 2024.
             Mangled by a gnoll
             ... wielding a +0 spear
              (10 damage)
             ... on level 2 of the Dungeon.
             The game lasted 00:05:19 (1287 turns).

ZLogic the Slasher (Coglin Warper)                  Turns: 1287, Time: 00:05:19

Health: -7/33      AC:  3    Str: 13    XL:     4   Next: 22%
Magic:  6/6        EV: 10    Int: 12    God:
Gold:   59         SH:  0    Dex: 14    Spells: 6/6 levels left

rFire   . . .        a - +0 falchion {Dube}
rCold   . . .        e - +0 dagger {Kasem}
rNeg    . . .        b - +0 leather armour
rPois   .            (no helmet)
rElec   .            (no cloak)
rCorr   .            (no gloves)
SInv    .            (no boots)
Will    .....        (amulet unavailable)
Stlth   +            (ring unavailable)
HPRegen 0.25/turn    (ring unavailable)
MPRegen 0.10/turn    (no gizmo)

%: no passive effects
@: no status effects
A: off-hand wielding, slow wielding, warmup strikes, no jewellery
a: Invent Gizmo


You were on level 2 of the Dungeon.
You visited 1 branch of the dungeon, and saw 2 of its levels.

You collected 101 gold pieces.
You spent 42 gold pieces at shops.

Inventory:

Hand Weapons
 a - a +0 falchion (weapon) {Dube}
 e - a +0 dagger (offhand) {Kasem}
Missiles
 d - 7 darts of dispersal (quivered)
Armour
 b - a +0 leather armour (worn)
 k - an orb of mayhem
Scrolls
 c - 3 scrolls of blinking
 h - a scroll of enchant armour {unknown}
 i - 3 scrolls of identify {unknown}
 l - a scroll of noise {unknown}
 m - a scroll of enchant weapon {unknown}
Potions
 f - 5 potions of curing
 g - a potion of invisibility {unknown}
 j - a potion of degeneration {unknown}


   Skills:
 - Level 2.0 Fighting
 + Level 4.3 Long Blades
 - Level 0.8 Throwing
 - Level 0.8 Armour
 - Level 1.7 Dodging
 - Level 1.7 Spellcasting
 - Level 3.0 Translocations


You had 6 spell levels left.
You didn't know any spells.
Your spell library contained the following spells:

 Spells                   Type           Power      Damage    Failure   Level
 Blink                    Tloc           16%        N/A       16%         2
 Lesser Beckoning         Tloc           16%        N/A       16%         2
 Teleport Other           Tloc           8%         N/A       30%         3
 Manifold Assault         Tloc           8%         N/A       71%         4
 Vhi's Electric Charge    Tloc/Air       8%         N/A       88%         4


Dungeon Overview and Level Annotations

Branches:
Dungeon (2/15)

Altars:
Fedhas

Shops:
D:2 !


Innate Abilities, Weirdness & Mutations

You can wield a second weapon in your off-hand.
It takes a long time for you to wield or remove held weapons.
Your first few attacks do less damage.
You cannot equip rings or amulets.


Message History

There are monsters nearby!
The gnoll shouts!
A gnoll comes into view. It is wielding a +0 spear.
There are monsters nearby!
The gnoll shouts!
You hear a shout!
There are monsters nearby!
A gnoll comes into view. It is wielding a +0 spear.
The gnoll barely misses you.
The gnoll hits you from afar with a +0 spear!
There are monsters nearby!
You hit the gnoll with your +0 falchion.
The gnoll is moderately wounded.
You hit the gnoll with your +0 dagger. The gnoll hits you with a +0 club!
The gnoll closely misses you.
There are monsters nearby!
The gnoll attacks as it pursues you! The gnoll barely misses you.
The gnoll attacks as it pursues you! The gnoll closely misses you.
Okay, then.
The gnoll attacks as it pursues you! The gnoll hits you with a +0 club.
You see here a frilled lizard corpse.
You hit the gnoll with your +0 falchion.
The gnoll is heavily wounded.
You hit the gnoll with your +0 dagger. The gnoll hits you with a +0 club.
You slash the gnoll with your +0 falchion!
You kill the gnoll!
The gnoll attacks as it pursues you!
The gnoll hits you from afar with a +0 spear!
* * * LOW HITPOINT WARNING * * *
The gnoll attacks as it pursues you!
The gnoll hits you from afar with a +0 spear.
* * * LOW HITPOINT WARNING * * *
The gnoll attacks as it pursues you! The gnoll barely misses you.
The gnoll attacks as it pursues you! The gnoll misses you.
The gnoll attacks as it pursues you!
The gnoll hits you from afar with a +0 spear.
* * * LOW HITPOINT WARNING * * *
The gnoll attacks as it pursues you! The gnoll misses you.
The gnoll attacks as it pursues you!
The gnoll hits you from afar with a +0 spear!
You die...

#.# #.#.÷.......#
#.# ##.#..#.#....#
..# #.............
### #..#.#####..##
######..#.# #..#
......<.#.# #..#
######.##.#####..#
#..÷...<......#
#÷#....######@#
#.###..######.#
#.# #.......#g#
#.# #.#####.#.#
#.# #.#
#.#g######. #.#
#.# #.g........
..# #.#
#..######## ###
#.#####..#
#........#


You could see 3 gnolls.

Vanquished Creatures
  A gnoll (D:2)
  An adder (D:2)
  8 endoplasms
  A giant cockroach (D:1)
  5 goblins
  3 hobgoblins
  4 jackals (D:2)
  4 quokkas (D:1)
  6 ball pythons
  4 bats
  6 frilled lizards
  2 kobolds
  A rat (D:1)
46 creatures vanquished.

Notes
Turn   | Place    | Note
-------+----------+-------------------------------------------
     0 | D:1      | ZLogic the Coglin Warper began the quest for the Orb.
     0 | D:1      | Reached XP level 1. HP: 16/16 MP: 3/3
    72 | D:1      | Reached XP level 2. HP: 22/22 MP: 4/4
   158 | D:1      | Reached skill level 3 in Long Blades
   214 | D:1      | Found a faded altar of an unknown god.
   606 | D:1      | Reached XP level 3. HP: 26/27 MP: 5/5
   866 | D:2      | Found Ageidag's Distillery.
   878 | D:2      | Bought a potion of curing for 42 gold pieces
   931 | D:2      | Found a blossoming altar of Fedhas.
   961 | D:2      | Reached skill level 4 in Long Blades
  1203 | D:2      | Reached XP level 4. HP: 32/33 MP: 6/6
  1278 | D:2      | HP: 1/33 [gnoll/+0 spear (5)]
  1287 | D:2      | Mangled by a gnoll

Illustrated notes

Levels and vault maps discovered:
D:1:      minmay_arrival_checkered_box, layout_loops_cross,
          shapermc_ecumenical_altar_notcrosses, nicolae_the_louvre
D:2:      layout_loops_ring, serial_shops, nicolae_shop_crystal, basic_altar,
          moated_statue, kennysheep_generic_room_15, uniq_robin

Skill      XL: |  1  2  3 |
---------------+----------+-----
Long Blades    | 3 4 |  4.3
Fighting       | |  2.0
Throwing       | |  0.8
Armour         | |  0.8
Dodging        | |  1.7
Spellcasting   | |  1.7
Translocations | |  3.0

Action                     |  1- 3 |  4- 6 || total
---------------------------+-------+-------++-------
  Melee: Falchion          |   101 |     5 ||   106
         Dagger            |    99 |     5 ||   104
   Stab: Sleeping          |     1 |       ||     1
 Armour: Leather armour    |    65 |     9 ||    74
  Dodge: Dodged            |    62 |     9 ||    71

Table legend: (Time is in decaauts)
 A = Elapsed time spent in this place.
 B = Non-inter-level travel time spent in this place.
 C = Inter-level travel time spent in this place.
 D = Time resting spent in this place.
 E = Time spent auto-exploring this place.
 F = Levels seen in this place.
 G = Mean time per level.
                   A        B        C        D        E       F      G
               +--------+--------+--------+--------+--------+-----+--------+
         Total |   1290 |   1283 |      7 |      0 |    991 |   2 |  645.0 |
       Dungeon |   1290 |   1283 |      7 |      0 |    991 |   2 |  645.0 |
               +--------+--------+--------+--------+--------+-----+--------+

Top non-repeatable levels by time:
     D:1: 819 daAuts
     D:2: 471 daAuts
